 Dungeon Crawl Stone Soup version 0.16.1-7-g2c6721e (webtiles) character file.

1912 ImaNewbie the Destroyer (level 8, -6/57 HPs)
             Began as a Green Draconian Wizard on Mar 29, 2015.
             Was a Follower of Ashenzari.
             Mangled by a warg (8 damage)
             ... on level 7 of the Dungeon.
             The game lasted 01:38:43 (9962 turns).

ImaNewbie the Destroyer (Green Draconian Wizard)    Turns: 9962, Time: 01:38:43

Health: -6/57      AC: 10    Str: 10    XL:     8   Next: 95%
Magic:  5/18       EV: 12    Int: 22    God:    Ashenzari [*.....]
Gold:   379        SH:  0    Dex: 10    Spells: 7 memorised, 1 level left

rFire  . . .     SeeInvis .     x - +0 quarterstaff (vamp) (curse)
rCold  . . .     Clarity  .     (armour unavailable)
rNeg   . . .     SustAb   .     (no shield)
rPois  +         Gourm    .     H - +1 hat (curse)
rElec  .         Spirit   .     t - +2 cloak (curse)
rCorr  .         Warding  .     (no gloves)
rMut   .         Rnd*Tele +     (no boots)
MR     .....                    (no amulet)
Stlth  ++........               (no ring)
                                G - ring of teleport control (curse)

@: not resistant to hostile enchantments, unstealthy
A: breathe noxious fumes, unfitting armour, beak, breathe flames 1, clever 1,
low mp 1, sense surroundings 1, poison resistance, teleportitis 1, cold-blooded,
AC +6
a: Breathe Noxious Fumes, Renounce Religion, Breathe Fire, Evoke Teleport
Control


You were on level 7 of the Dungeon.
You worshipped Ashenzari.
Ashenzari was aware of your devotion.
You were not hungry.

You visited 2 branches of the dungeon, and saw 8 of its levels.

You collected 379 gold pieces.

Inventory:

Hand weapons
 b - a +0 blowgun
 x - a cursed +0 vampiric quarterstaff (weapon)
Missiles
 n - 30 poisoned needles
 u - 6 needles of paralysis
 A - 5 curare-tipped needles
Armour
 t - a cursed +2 cloak (worn)
 H - a cursed +1 hat (worn)
Magical staves
 k - an uncursed staff of poison
Jewellery
 G - a cursed ring of teleport control (left hand)
Magical devices
 l - a wand of flame (2)
 y - a wand of random effects (37)
 E - a wand of flame (48)
Scrolls
 e - 2 scrolls of fear
 i - a scroll of magic mapping
 j - 3 scrolls of identify
 m - a scroll of recharging
 s - a scroll of noise
 v - 2 scrolls of fog {unknown}
 w - a scroll of enchant armour
 B - a scroll of immolation {unknown}
 F - 2 scrolls of curse jewellery
 J - 2 scrolls of remove curse
Potions
 a - 2 potions of flight
 h - a potion of haste
 o - a potion of cancellation
 r - a potion of curing
Books
 c - a book of Minor Magic

   Spells                             Type                      Level
   a - Magic Dart                     Conjuration                  1
   b - Blink                          Translocation                2
   c - Call Imp                       Summoning                    2
   d - Repel Missiles                 Charms/Air                   2
   e - Slow                           Hexes                        2
   f - Conjure Flame                  Conjuration/Fire             3
   g - Mephitic Cloud                 Conjuration/Poison/Air       3
 g - a book of the Tempests

   Spells                             Type                      Level
   a - Static Discharge               Conjuration/Air              3
   b - Lightning Bolt                 Conjuration/Air              5
   c - Fireball                       Conjuration/Fire             5
   d - Tornado                        Air                          9
   e - Shatter                        Earth                        9
 C - a book of the Warp

   Spells                             Type                      Level
   a - Recall                         Summoning/Translocation      3
   b - Control Teleport               Charms/Translocation         4
   c - Force Lance                    Conjuration/Translocation    4
   d - Phase Shift                    Translocation                5
   e - Warp Weapon                    Charms/Translocation         5
   f - Gell's Gravitas                Hexes/Translocation          5
   g - Summon Forest                  Summoning/Translocation      5
Comestibles
 d - 5 bread rations
 p - a slice of pizza
 q - a meat ration
 z - a beef jerky
 D - 4 fruits


   Skills:
 - Level 1.8 Dodging
 - Level 1.7 Stealth
 + Level 5.8 Spellcasting
 * Level 9.0 Conjurations
 - Level 2.4 Summonings
 + Level 2.6 Translocations
 - Level 3.0 Air Magic


You had one spell level left.
You knew the following spells:

 Your Spells              Type           Power        Failure   Level  Hunger
a - Magic Dart            Conj           ####         1%          1    None
b - Blink                 Tloc           N/A          6%          2    None
c - Slow                  Hex            #.......     17%         2    None
d - Call Imp              Summ           ###.....     8%          2    None
e - Conjure Flame         Conj/Fire      ####....     4%          3    ##.....
f - Mephitic Cloud        Conj/Pois/Air  ###.....     6%          3    ##.....
g - Force Lance           Conj/Tloc      ####....     12%         4    ####...


Dungeon Overview and Level Annotations

Branches:
Dungeon (7/15)             Temple (1/1) D:4

Altars:
Ashenzari
Cheibriados
Dithmenos
Elyvilon
Fedhas
Gozag
Kikubaaqudgha
Makhleb
Nemelex Xobeh
Okawaru
Qazlal
Ru
Sif Muna
Trog
Vehumet
Xom
Yredelemnul
Zin
The Shining One

Annotations:
D:2 exclusion: 2 downstairs
D:3 exclusions: upstairs and 6 more exclusions, Natasha; Sigmund; hornqvist's ghost, average NaFi


Innate Abilities, Weirdness & Mutations

You can breathe blasts of noxious fumes.
Your lurid green scales are hard (AC +6).
Your body does not fit into most forms of armour.
Your system is resistant to poisons.
Your cold-blooded metabolism reacts poorly to cold.
You have a beak for a mouth.
You can breathe flames.
Your mind is acute. (Int +2)
Your magical capacity is low (-10% MP).
You passively map a small area around you.
Space occasionally distorts in your vicinity.


Message History

The warg bites you but does no damage. The warg closely misses you.
You hit the warg!
You feel better.
The warg is heavily wounded.
The warg bites you.
You barely miss the warg.
The warg is heavily wounded.
The warg misses you. The warg bites you!
You barely miss the warg.
The warg is heavily wounded.
The warg barely misses you. x2
Unknown command.
You closely miss the warg. Your peck misses the warg.
The warg is heavily wounded.
The warg closely misses you.
You closely miss the warg.
The warg is heavily wounded.
The warg bites you!
* * * LOW HITPOINT WARNING * * *
The warg bites you!
You die...

#####......#
#..........#
#..........##
#...........#
##..........>#
...........#.#
##........##.#
#........##.###########
#........##.#..@h.....#
##........##.#.#######.#
........h....#.#<....#.#
..........h..#.#####.#.#
.............#.......#.#
.............#########.#
.............hh§.......#
............############
............#


You could see a warg.

Vanquished Creatures
  Pikel (D:6)
  Eustachio (D:6)
  Edmund (D:6)
  2 wargs (D:7)
  A slave (D:6)
  An ice beast (D:5)
  An ogre (D:6)
  A sky beast (D:7)
  A centaur (D:5)
  A goliath beetle (D:7)
  2 crimson imps (D:6)
  A centaur zombie (D:6)
  A giant frog skeleton (D:5)
  A hound (D:5)
  An orc wizard (D:6)
  6 worker ants
  A killer bee zombie (D:7)
  Ijyb (D:2)
  A worker ant zombie (D:7)
  3 adders
  4 gnolls
  A shadow imp (D:7)
  A giant mite (D:4)
  A worm (D:4)
  4 giant geckos
  An ooze (D:1)
  11 orcs
  4 giant cockroaches
  11 goblins
  15 hobgoblins
  7 jackals
  17 kobolds
  5 quokkas
  A ball python (D:1)
  21 bats
  6 giant newts
  A giant spore (D:7)
  A quokka skeleton (D:4)
  A quokka zombie (D:6)
  14 rats
  2 ballistomycetes (D:7)
158 creatures vanquished.

Vanquished Creatures (collateral kills)
  The ghost of Pr0man the Cudgeler, an average GrFi of the Shining One (D:4)
  A sky beast (D:5)
  An orc priest (D:3)
  3 gnolls (D:5)
  An adder (D:2)
  2 worms (D:2)
  2 orcs (D:3)
  A giant cockroach (D:3)
  A goblin (D:1)
  6 jackals
  A kobold (D:5)
  A quokka (D:3)
  A rat (D:3)
22 creatures vanquished.

Vanquished Creatures (others)
  A slave (D:6)
  6 crimson imps
  An iron imp (D:5)
  5 white imps
  A shadow imp (D:3)
  A giant spore (D:7)
15 creatures vanquished.

Grand Total: 195 creatures vanquished

Notes
Turn   | Place    | Note
--------------------------------------------------------------
     0 | D:1      | ImaNewbie, the Draconian Wizard, began the quest for the Orb.
     0 | D:1      | Reached XP level 1. HP: 14/14 MP: 4/4
   454 | D:1      | Reached XP level 2. HP: 18/20 MP: 1/6
   458 | D:1      | Learned a level 2 spell: Call Imp
   461 | D:1      | Learned a level 2 spell: Slow
   464 | D:1      | Learned a level 2 spell: Blink
  1061 | D:1      | Found an iron altar of Okawaru.
  1425 | D:1      | Reached XP level 3. HP: 18/26 MP: 5/7
  1709 | D:2      | Noticed Ijyb
  1848 | D:2      | HP: 1/26 [Ijyb/club (5)]
  1856 | D:2      | Killed Ijyb
  2182 | D:2      | Found a shimmering altar of Xom.
  2682 | D:2      | Found a sparkling altar of Nemelex Xobeh.
  2738 | D:2      | Reached XP level 4. HP: 33/33 MP: 6/9
  3438 | D:3      | Noticed hornqvist's ghost (average NaFi)
  3470 | D:3      | Noticed Sigmund
  3495 | D:3      | HP: 1/33 [poisoned by Sigmund]
  3648 | D:3      | Noticed Natasha
  3766 | D:3      | Reached skill level 4 in Conjurations
  4039 | D:3      | Reached XP level 5. HP: 38/38 MP: 6/11
  4053 | D:3      | Learned a level 3 spell: Mephitic Cloud
  4451 | D:4      | Noticed Pr0man's ghost (average GrFi)
  4465 | D:4      | Killed Pr0man's ghost
  4755 | D:4      | Reached skill level 1 in Air Magic
  5129 | D:4      | Noticed an ogre
  5769 | D:4      | Found a staircase to the Ecumenical Temple.
  5801 | D:5      | Entered Level 5 of the Dungeon
  5811 | D:5      | Noticed an ice beast
  5915 | D:5      | Reached XP level 6. HP: 41/45 MP: 8/13
  6017 | D:5      | Noticed a centaur
  6126 | D:5      | Noticed a sky beast
  6147 | D:5      | Killed a sky beast
  6147 | D:5      | Reached skill level 5 in Conjurations
  6318 | Temple   | Entered the Ecumenical Temple
  6425 | Temple   | Became a worshipper of Ashenzari the Shackled
  7023 | D:5      | Learned a level 3 spell: Conjure Flame
  7027 | D:5      | Gained mutation: Your magical capacity is low (-10% MP). [potion of mutation]
  7027 | D:5      | Gained mutation: Your mind is acute. (Int +2) [potion of mutation]
  7027 | D:5      | Gained mutation: Space occasionally distorts in your vicinity. [potion of mutation]
  7182 | D:5      | Killed an ice beast
  7182 | D:5      | Your scales start taking on a lurid green colour.
  7182 | D:5      | Gained mutation: Your system is resistant to poisons. [draconian maturity]
  7182 | D:5      | Reached XP level 7. HP: 24/50 MP: 4/15
  7432 | D:5      | Killed a centaur
  7432 | D:5      | Reached skill level 6 in Conjurations
  8140 | D:6      | Noticed Eustachio
  8951 | D:6      | Killed Eustachio
  8951 | D:6      | Reached skill level 7 in Conjurations
  8951 | D:6      | Reached XP level 8. HP: 53/57 MP: 7/17
  8996 | D:6      | Gained mutation: You have a beak for a mouth. [potion of mutation]
  8996 | D:6      | Gained mutation: You can breathe flames. [potion of mutation]
  8996 | D:6      | Gained mutation: You passively map a small area around you. [potion of mutation]
  9071 | D:6      | Noticed Pikel
  9090 | D:6      | Killed Pikel
  9090 | D:6      | Reached skill level 5 in Spellcasting
  9090 | D:6      | Reached skill level 8 in Conjurations
  9122 | D:6      | Learned a level 4 spell: Force Lance
  9148 | D:6      | Noticed Edmund
  9173 | D:6      | Killed Edmund
  9937 | D:7      | Reached skill level 9 in Conjurations
  9962 | D:7      | HP: 2/57 [warg (17)]
  9962 | D:7      | Mangled by a warg

Action                   |  1- 3 |  4- 6 |  7- 9 || total
-------------------------+-------+-------+-------++-------
Melee: Unarmed           |    10 |       |       ||    10
       Whip              |    63 |    25 |       ||    88
       Quarterstaff      |       |    74 |   169 ||   243
 Cast: Magic Dart        |    96 |   161 |   109 ||   366
       Call Imp          |    11 |    28 |    14 ||    53
       Mephitic Cloud    |       |     3 |     7 ||    10
       Conjure Flame     |       |     2 |     6 ||     8
       Blink             |       |       |     2 ||     2
 Abil: Breathe Noxious F |       |       |     6 ||     6
       Evoke Teleport Co |       |       |     1 ||     1
       Breathe Fire      |       |       |     2 ||     2
  Use: Potion            |       |     8 |     5 ||    13
       Scroll            |       |    12 |     2 ||    14
 Stab: Distracted        |       |     2 |       ||     2
       Confused          |       |       |     5 ||     5
  Eat: Chunk             |     6 |    10 |    10 ||    26
       Meat ration       |       |     1 |       ||     1
       Bread ration      |       |       |     1 ||     1
